 Dungeon Crawl Stone Soup version 0.26-a0-21-gf97e55dc39 (webtiles) character file.

Game seed: 2851801740025376958, levelgen mode: deterministic

338 Dirian the Covered (level 6, -4/82 HPs)
             Began as a Minotaur Fighter on May 26, 2020.
             Succumbed to t4s4d4r's ghost's poison
             ... on level 3 of the Dungeon.
             The game lasted 00:09:41 (2515 turns).

Dirian the Covered (Minotaur Fighter)               Turns: 2515, Time: 00:09:42

Health: -4/82      AC: 23    Str: 22    XL:     6   Next: 29%
Magic:  5/5        EV:  2    Int:  5    God:
Gold:   137        SH: 10    Dex: 10    Spells: 5/5 levels left

rFire    + . .     SeeInvis .   a - +0 long sword
rCold    + . .     Gourm    .   c - +0 kite shield
rNeg     + + +     Faith    .   (armour currently unavailable)
rPois    +         Spirit   .   (helmet currently unavailable)
rElec    +         Reflect  .   (cloak currently unavailable)
rCorr    +         Harm     .   (gloves currently unavailable)
MR       .....     NoTele   +   (boots currently unavailable)
Stlth    +.........             (no amulet)
HPRegen  0.23/turn              (no ring)
MPRegen  0.09/turn              (no ring)

@: lethally poisoned (-4 -> -61), tree-form, resistant
A: (retaliatory headbutt)
a: no special abilities


You were on level 3 of the Dungeon.
You were not hungry.
You were a tree.
You visited 1 branch of the dungeon, and saw 3 of its levels.

You collected 137 gold pieces.

Inventory:

Hand Weapons
 a - a +0 long sword (weapon)
Armour
 c - a +0 kite shield (worn)
 r - a +0 pair of boots (melded)
 s - a +4 scale mail of fire resistance (melded)
Scrolls
 e - 3 scrolls of remove curse {unknown}
 i - a scroll of teleportation {unknown}
 k - 3 scrolls of amnesia {unknown}
 l - 6 scrolls of identify {unknown}
 o - a scroll of fear {unknown}
 q - a scroll of enchant armour {unknown}
Potions
 b - a potion of resistance
 d - 2 potions of might
 g - a potion of invisibility {unknown}
 j - 2 potions of degeneration {unknown}
 n - 2 potions of flight {unknown}
 p - 2 potions of lignification
Comestibles
 f - 7 rations


   Skills:
 * Level 4.9 Fighting
 * Level 4.6 Long Blades
 + Level 5.5 Armour
 + Level 5.3 Shields


You had 5 spell levels left.
You didn't know any spells.
Your spell library was empty.

Dungeon Overview and Level Annotations

Branches:
Dungeon (3/15)

Altars:
Cheibriados
Fedhas
Kikubaaqudgha
Qazlal

Annotations:
D:3 t4s4d4r's ghost, amateur DEFE


Innate Abilities, Weirdness & Mutations

((You reflexively headbutt those who attack you in melee.))
((You have a pair of horns on your head.))


Message History

You feel very sick. T4s4d4r's ghost hits you.
* * * LOW HITPOINT WARNING * * *
You are more poisoned.
You drop a metallic golden potion.
* * * LOW HITPOINT WARNING * * *
You feel very sick.
T4s4d4r's ghost hits you but does no damage.
You are more poisoned.
It was a potion of lignification.
You turn into a tree.
Your +0 pair of boots melds into your body.
Your +4 scale mail of fire resistance melds into your body.
You feel less resistant to fire.
Your roots penetrate the ground.
* * * LOW HITPOINT WARNING * * *
You feel very sick.
T4s4d4r's ghost hits you but does no damage.
You are more poisoned.
It was a potion of resistance.
You feel protected.
You die...

≈≈≈≈.≈≈≈≈.≈≈≈#......≈♣≈.≈≈≈..≈...
......≈.#≈≈≈≈#..........≈.♣.≈....
###.######≈≈≈#####.##............
#.# ##≈≈#####)##............ #.#
##≈#.....##..........## #.#
≈≈#.....##............ #.#
###.....#...#.###..### #.#
#....##########..## #.#
#...♣W≈≈≈≈$≈###.##
#.#########....########...#
#...............##.###.#..#####
###############......).........
#.^≈##...#.###[##......
##≈≈.≈#...#.###.#.......
#..§§§......#......###.. ######
#.#§≈§.#>.....#.#..≈##.. .....##
##.^§§§......#.≈≈..#≈##..


You could see t4s4d4r's ghost.

Vanquished Creatures
  A phantom (D:2)
  A bullfrog (D:3)
  A howler monkey (D:3)
  An orc wizard (D:3)
  Terence (D:2)
  5 adders
  2 worms (D:2)
  A dart slug (D:2)
  A leopard gecko (D:1)
  3 orcs (D:3)
  6 bats
  2 giant cockroaches (D:3)
  7 goblins
  6 hobgoblins
  5 jackals
  3 frilled lizards
  4 rats
50 creatures vanquished.

Notes
Turn   | Place    | Note
-------+----------+-------------------------------------------
     0 | D:1      | Dirian the Minotaur Fighter began the quest for the Orb.
     0 | D:1      | Reached XP level 1. HP: 19/19 MP: 0/0
    53 | D:1      | You fall into a shaft and drop 1 floor!
    68 | D:2      | Reached XP level 2. HP: 8/27 MP: 1/1
   382 | D:2      | You fall into a shaft and drop 1 floor!
   382 | D:3      | Found a runed translucent door.
   382 | D:3      | Noticed a bullfrog
   386 | D:3      | Noticed a howler monkey
   396 | D:3      | Killed a howler monkey
   396 | D:3      | Reached XP level 3. HP: 28/33 MP: 2/2
   412 | D:3      | Reached XP level 4. HP: 24/41 MP: 3/3
   848 | D:3      | Found a stormy altar of Qazlal.
   848 | D:3      | Found a blossoming altar of Fedhas.
   935 | D:3      | Found an ancient bone altar of Kikubaaqudgha.
   935 | D:3      | Found a snail-covered altar of Cheibriados.
  1230 | D:1      | Reached skill level 5 in Armour
  1465 | D:2      | Reached XP level 5. HP: 47/47 MP: 4/4
  1631 | D:2      | Noticed Terence
  1652 | D:2      | Killed Terence
  1746 | D:2      | Noticed a phantom
  1819 | D:2      | Killed a phantom
  1819 | D:2      | Reached skill level 5 in Shields
  1819 | D:2      | Reached XP level 6. HP: 33/55 MP: 5/5
  2305 | D:3      | Noticed t4s4d4r's ghost (amateur DEFE)
  2514 | D:3      | HP: 1/82 [poisoned by t4s4d4r's ghost]
  2515 | D:3      | Succumbed to t4s4d4r's ghost's poison

Illustrated notes

Levels and vault maps discovered:
D:1:      dpeg_arrival_pits, layout_basic
D:2:      layout_basic, uniq_terence
D:3:      layout_rooms, grunt_temple_overflow_forces_of_nature,
          gammafunk_temple_overflow_elements, ebering_ghost_sewer_d,
          serial_rivers, chequers_serial_rivers_marsh,
          chequers_serial_rivers_small_b, chequers_serial_rivers_micro_a,
          chequers_serial_rivers_room_a, chequers_serial_rivers_large_a

Skill      XL: |  1  2  3  4  5 |
---------------+----------------+-----
Armour         | 4 5 |  5.5
Fighting       | 4 |  4.9
Shields        | 4 5 |  5.3
Long Blades    | 3 4 |  4.6

Action                   |  1- 3 |  4- 6 || total
-------------------------+-------+-------++-------
Melee: Long sword        |    31 |   165 ||   196
       Headbutt          |     4 |    26 ||    30
  Use: Potion            |       |     2 ||     2
  Eat: Chunk             |       |     3 ||     3
       Ration            |       |     1 ||     1
Armor: Scale mail        |    19 |    53 ||    72
       Chain mail        |       |    11 ||    11
       Skin              |       |     1 ||     1
Dodge: Dodged            |    11 |    39 ||    50
Block: Kite shield       |    17 |    70 ||    87
       Rpst.: Long sword |     3 |    12 ||    15

Table legend:
 A = Non-vault XP
 B = Vault XP
 C = Vault XP percentage of total XP
 D = Non-vault monster count
 E = Vault monster count
 F = Vault count percentage of total count
                 A         B        C        D         E       F
            +---------+---------+-------+---------+---------+-------
      Total |     353 |     130 |  26.9 |      47 |       3 |   6.0
            +---------+---------+-------+---------+---------+-------
        D:1 |      18 |       0 |   0.0 |      11 |       0 |   0.0
        D:2 |     182 |      32 |  15.0 |      18 |       1 |   5.3
        D:3 |     153 |      98 |  39.0 |      18 |       2 |  10.0
            +---------+---------+-------+---------+---------+-------
